 Dungeon Crawl Stone Soup version 0.15.0-8-gb109cf8 (webtiles) character file.

40208 killstealing the Prestidigitator (level 13, -3/123 HPs)
             Began as a Deep Dwarf Fighter on Aug 21, 2014.
             Was the Champion of Makhleb.
             Incinerated by a deep elf mage (7 damage)
             ... with a sticky flame
             ... on Level 11 of the Dungeon on Aug 30, 2014.
             The game lasted 04:51:42 (23839 turns).

killstealing the Prestidigitator (DDFi)            Turns: 23839, Time: 04:51:43

HP  -3/123       AC  5     Str 27      XL: 13   Next: 73%
MP   1/1         EV 18     Int 12      God: Makhleb [******]
Gold 946         SH 13     Dex 14 (15) Spells:  0 memorised, 12 levels left

rFire  . . .     SeeInvis .     Q - +5 short sword (vamp)
rCold  . . .     Clarity  +     (no armour)
rNeg   . . .     rCorr    .     c - +0 shield
rPois  .         rRot     .     l - +2 hat
rElec  .         Spirit   .     (no cloak)
SustAb .         Warding  .     N - +0 pair of gloves
rMut   .         Stasis   .     q - +1 pair of boots
Gourm  .                        z - amulet of the Three Nights {Clar Dex+3 Int+2}
MR     +....                    S - +4 ring of evasion
                                m - +3 ring of strength

@: liquid flames, non-regenerating, glowing, heavily drained, somewhat resistant
to hostile enchantments, very unstealthy
A: damage resistance, recharge devices, clarity, sense surroundings 2, slow
healing 3
a: Device Recharging, Minor Destruction, Lesser Servant of Makhleb, Major
Destruction, Greater Servant of Makhleb, Renounce Religion


You were on level 11 of the Dungeon.
You worshipped Makhleb.
Makhleb was exalted by your worship.
You were not hungry.

You visited 4 branches of the dungeon, and saw 23 of its levels.
You visited the Abyss 1 time.
You also visited: Ossuary and Volcano.

You collected 2349 gold pieces.
You spent 1403 gold pieces at shops.

Inventory:

Hand weapons
 M - a +2 broad axe of flaming
 Q - a +5 vampiric short sword (weapon)
 R - a +0 blowgun
Missiles
 L - 56 poisoned needles
Armour
 c - a +0 shield (worn)
 l - a +2 hat (worn)
 q - a +1 pair of boots (worn)
 A - a +1 scale mail of cold resistance
 C - a +1 plate armour
 N - a +0 pair of gloves (worn)
 W - a +0 chain mail of fire resistance
Magical devices
 d - a wand of heal wounds (0)
 g - a wand of teleportation (0)
 B - a wand of frost (3)
 E - a wand of draining (4)
 T - a wand of teleportation (4)
Comestibles
 f - 3 bread rations
 j - a royal jelly
 r - 11 meat rations
 t - 34 fruits
Scrolls
 b - 4 scrolls of enchant weapon
 h - 4 scrolls of fear
 i - 10 scrolls of identify
 v - 7 scrolls of remove curse
 x - a scroll of vulnerability
 y - 2 scrolls of enchant armour
 D - a scroll of holy word {unknown}
 I - 2 scrolls of summoning
 K - a scroll of fog
 X - a scroll of brand weapon
 Y - a scroll of acquirement {unknown}
 Z - 3 scrolls of teleportation
Jewellery
 m - a +3 ring of strength (left hand)
 p - an uncursed ring of magical power
 w - an uncursed ring of poison resistance
 z - the amulet of the Three Nights (around neck) {Clar Dex+3 Int+2}
   (You found it on level 5 of the Lair of Beasts)

   [amulet of clarity]

   It provides mental clarity.
   It affects your intelligence (+2).
   It affects your dexterity (+3).
 J - an uncursed ring of protection from cold
 P - an uncursed ring of ice
 S - a +4 ring of evasion (right hand)
Potions
 a - 3 potions of restore abilities
 o - a potion of flight
 s - 2 potions of agility
 u - a potion of magic
 F - a potion of invisibility
 G - 5 potions of brilliance
 O - a potion of berserk rage
 U - 2 potions of cure mutation
Miscellaneous
 e - a phial of floods
 n - a fan of gales
 H - a box of beasts


   Skills:
 * Level 10.3(8.7) Fighting
 * Level 9.4(7.8) Short Blades
 - Level 7.5(6.0) Axes
 + Level 10.8(9.2) Armour
 + Level 7.0(5.5) Dodging
 + Level 0.6(0.0) Stealth
 + Level 11.9(10.3) Shields
 + Level 1.5(0.2) Invocations
 * Level 12.3(10.6) Evocations


You had 12 spell levels left.
You didn't know any spells.

Dungeon Overview and Level Annotations

Branches:
Dungeon (11/15)            Temple (1/1) D:5             Orc (4/4) D:11
    Elf (0/3) Orc:4          Lair (7/8) D:10          Swamp (0/5) Lair:4
  Snake (0/5) Lair:4
  Slime: Lair:6-8

Altars:
Ashenzari
Cheibriados
Dithmenos
Elyvilon
Fedhas
Kikubaaqudgha
Makhleb
Nemelex Xobeh
Okawaru
Qazlal
Sif Muna
Trog
Vehumet
Xom
Yredelemnul
Zin
The Shining One

Shops:
D:6 ?   D:7 ?([?   D:8 (   Orc:1 :   Orc:3 (?(*

Annotations:
Orc:2 exclusion: oklob plant, Erica
Lair:3 exclusion: oklob plant
Lair:6 exclusion: 2 oklob plants


Innate Abilities, Weirdness & Mutations

You are resistant to damage.
You can recharge devices by infusing magical energy.
You passively map the area around you.
You do not heal naturally.
You possess an exceptional clarity of mind.


Message History

Things that are here:
a glowing dagger; a kobold corpse You see here a stone.
You see here a stone.
Things that are here:
3 stones; a kobold corpse
i - 10 scrolls of identify (gained 1)
A deep elf mage comes into view. It is wielding a short sword.
The deep elf mage shouts!
You are no longer poisoned.
The deep elf mage gestures at you while chanting.
The sticky flame hits you!
You are covered in liquid flames!
You are covered in liquid flames!
* * * LOW HITPOINT WARNING * * *
The deep elf mage gestures at you while chanting.
The flame tongue hits you!
* * * LOW HITPOINT WARNING * * *
You are covered in liquid flames!
You die...

#......#
#.#...#####......
#......#
#.#.>.#..........
#......#
###.#...#.#########
#......#
#...#####.# , ,, ,
#......#
#.........# ,... ,
#.........# , ,, ,,
, #.........# , ,,,
, #.........#, , ,,
, ** *#.@.......# ,
,** ,,
........e.......#*
* *
................. ,
,
,.................
, ............... ,
, * , *
####.........,
#........ , ,,,
#......., * ### * *


You could see a deep elf mage.

Vanquished Creatures
  Gastronok (D:10)
  Fannar (D:10)
  The ghost of Johnny the Cleaver, a powerful HuBe of Trog (Orc:4)
  An anaconda (Lair:5)
  3 death yaks (Lair:5)
  A catoblepas (Lair:6)
  4 black mambas
  A manticore (Volcano)
  19 elephants
  3 torpor snails
  8 spiny frogs
  A gargoyle (D:10)
  2 molten gargoyles (Volcano)
  The ghost of YouriMargarine the Bolt Thrower, an average CeHu (Ossuary)
  Grinder (D:6)
  3 fire drakes
  3 komodo dragons
  3 trolls
  Prince Ribbit (D:7)
  A boulder beetle (Lair:5)
  3 blink frogs (Lair:2)
  A trapdoor spider (D:11)
  A basilisk (Lair:3)
  11 yaks
  2 steam dragons
  Eustachio (D:7)
  6 fire bats (Volcano)
  A neqoxec (Abyss:1)
  A hungry ghost (D:10)
  Grum (D:10)
  2 wargs
  2 nagas (Lair:4)
  A human (D:7)
  8 hippogriffs
  A swamp worm (Lair:4)
  17 water moccasins
  12 porcupines
  2 mottled dragons (Volcano)
  9 wolves
  2 hell hounds (Volcano)
  An ice beast (D:6)
  2 black bears
  7 orc warriors
  4 sky beasts
  8 centaurs
  12 ogres
  7 crocodiles
  A boring beetle (Lair:6)
  10 giant frogs
  2 big kobolds
  4 scorpions
  An eye of draining (D:11)
  8 jellies
  A vampire bat (Lair:3)
  A hippogriff skeleton (D:6)
  3 goliath beetles
  9 wights
  4 crimson imps
  A two-headed ogre zombie (D:7)
  A centaur zombie (D:9)
  2 quasits
  2 iron imps (D:7)
  17 orc priests
  A gnoll shaman (D:8)
  6 hounds
  A lava snake (Volcano)
  5 worker ants
  A basilisk skeleton (D:11)
  20 orc wizards
  A killer bee zombie (D:10)
  12 iguanas
  3 orange rats
  5 spectral orcs (D:10)
  24 sheep
  2 big kobold zombies (Ossuary)
  An ogre skeleton (D:4)
  A hound skeleton (D:4)
  8 mummies (Ossuary)
  6 gnolls
  23 adders
  22 green rats
  An orc skeleton (D:8)
  2 white imps
  4 giant mites
  4 shadow imps
  4 worms
  An ufetubus (Abyss:1)
  An adder zombie (D:6)
  An iguana zombie (D:7)
  An adder skeleton (D:7)
  3 giant geckos
  156 orcs
  2 bat skeletons
  5 giant cockroaches
  22 goblins
  9 hobgoblins
  12 jackals
  17 kobolds
  16 quokkas
  A ball python (D:3)
  31 bats
  A giant gecko skeleton (D:7)
  A giant newt (D:1)
  A goblin zombie (D:5)
  A hobgoblin zombie (Ossuary)
  3 kobold zombies
  4 orc zombies
  2 quokka zombies
  18 rats
  12 ballistomycetes (D:10)
  2 fungi
731 creatures vanquished.

Vanquished Creatures (collateral kills)
  A hydra (Lair:4)
  Nergalle (D:10)
  2 ogres (D:10)
  An orc priest (Orc:4)
  6 spectral orcs (D:10)
11 creatures vanquished.

Vanquished Creatures (others)
  4 orange rats (Lair:6)
  2 giant spores (D:10)
  A spectral orc (D:10)
  15 fungi
  4 plants (Lair:1)
26 creatures vanquished.

Grand Total: 768 creatures vanquished

Notes
Turn   | Place    | Note
--------------------------------------------------------------
     0 | D:1      | killstealing, the Deep Dwarf Fighter, began the quest for the Orb.
     0 | D:1      | Reached XP level 1. HP: 20/20 MP: 1/1
   427 | D:2      | Reached XP level 2. HP: 27/27 MP: 2/2
   650 | D:2      | Reached XP level 3. HP: 34/34 MP: 3/3
  1113 | D:3      | Reached skill level 4 in Armour
  1113 | D:3      | Reached XP level 4. HP: 42/42 MP: 4/4
  1256 | D:3      | Reached skill level 1 in Dodging
  1348 | D:3      | Reached XP level 5. HP: 28/49 MP: 5/5
  2313 | D:4      | Reached XP level 6. HP: 32/56 MP: 6/6
  2631 | D:4      | Reached skill level 5 in Armour
  2882 | D:4      | Reached skill level 5 in Shields
  2894 | D:4      | Reached XP level 7. HP: 29/64 MP: 6/6
  2981 | D:5      | Entered Level 5 of the Dungeon
  3010 | D:5      | Found a deep blue altar of Sif Muna.
  3010 | D:5      | Found a glowing golden altar of the Shining One.
  3024 | D:5      | Found a basalt altar of Yredelemnul.
  3128 | D:5      | Found a sand-covered staircase.
  3142 | Ossuary  | Entered an ossuary
  3179 | Ossuary  | Noticed YouriMargarine's ghost (average CeHu)
  3188 | Ossuary  | Reached skill level 5 in Axes
  3243 | Ossuary  | Killed YouriMargarine's ghost
  3650 | D:5      | Reached skill level 6 in Axes
  3650 | D:5      | Reached skill level 1 in Evocations
  3650 | D:5      | Reached XP level 8. HP: 48/73 MP: 7/7
  3710 | D:5      | Found a staircase to the Ecumenical Temple.
  3719 | Temple   | Entered the Ecumenical Temple
  3922 | Temple   | Became a worshipper of Makhleb the Destroyer
  4313 | D:6      | Reached skill level 5 in Fighting
  4365 | D:6      | Found Unizuodu's Magic Scroll Emporium.
  4374 | D:6      | Bought a scroll of enchant weapon for 90 gold pieces
  4374 | D:6      | Bought a scroll of remove curse for 36 gold pieces
  4374 | D:6      | Bought a scroll of remove curse for 36 gold pieces
  4390 | D:6      | Bought a scroll of noise for 12 gold pieces
  4432 | D:6      | Acquired Makhleb's first power
  4470 | D:6      | Noticed Grinder
  4476 | D:6      | Paralysed by Grinder for 5 turns
  4499 | D:6      | Paralysed by Grinder for 4 turns
  4504 | D:6      | Killed Grinder
  4504 | D:6      | Reached skill level 7 in Axes
  4839 | D:7      | Found Amoetouch's Magic Scroll Boutique.
  4839 | D:7      | Noticed Eustachio
  4925 | D:7      | Killed Eustachio
  4925 | D:7      | Gained mutation: You passively map the area around you. [level up]
  4925 | D:7      | Reached XP level 9. HP: 60/82 MP: 12/12
  5009 | D:7      | Found Smaiwune's Weapon Shop.
  5027 | D:7      | Acquired Makhleb's second power
  5036 | D:7      | Bought a +2 vampiric short sword for 252 gold pieces
  5044 | D:7      | Found Ziobuy's Magic Scroll Shop.
  5181 | D:7      | Noticed Prince Ribbit
  5202 | D:7      | Killed Prince Ribbit
  5419 | D:7      | Reached skill level 1 in Short Blades
  5614 | D:7      | Found Cugg's Armour Boutique.
  5942 | D:7      | Reached skill level 5 in Evocations
  6000 | D:8      | Acquired Makhleb's third power
  6174 | D:8      | Found a snail-covered altar of Cheibriados.
  6412 | D:8      | Upgraded the game from 0.15-b1-96-ga104039 to 0.15-b1-102-g52a9edc
  6487 | D:8      | Found Onugg's Antique Weapon Boutique.
  6862 | D:8      | Acquired Makhleb's fourth power
  6862 | D:8      | Reached XP level 10. HP: 92/92 MP: 16/16
  7850 | D:10     | Entered Level 10 of the Dungeon
  8141 | D:10     | Got a warped trident
  8190 | D:10     | Noticed Gastronok
  8240 | D:10     | Noticed Fannar
  8387 | D:10     | Killed Fannar
  8387 | D:10     | Reached skill level 5 in Short Blades
  8387 | D:10     | Reached skill level 8 in Shields
  8593 | D:10     | Noticed Grum
  8788 | D:10     | Noticed Nergalle
  9166 | D:10     | Found a staircase to the Lair.
  9185 | Lair:1   | Entered Level 1 of the Lair of Beasts
  9287 | Lair:1   | Noticed an elephant
  9287 | Lair:1   | Noticed a black mamba
  9289 | Lair:1   | Noticed an elephant
  9324 | Lair:1   | Killed a black mamba
  9394 | Lair:1   | Killed an elephant
  9434 | Lair:1   | Killed an elephant
  9434 | Lair:1   | Reached XP level 11. HP: 70/102 MP: 15/15
  9640 | Lair:1   | Noticed an elephant
  9640 | Lair:1   | Noticed an elephant
  9641 | Lair:1   | Noticed an elephant
  9660 | Lair:1   | Killed an elephant
  9660 | Lair:1   | Reached skill level 9 in Shields
  9664 | Lair:1   | Killed an elephant
  9676 | Lair:1   | Noticed an elephant
  9719 | Lair:1   | Killed an elephant
  9727 | Lair:1   | Noticed an elephant
  9731 | Lair:1   | Noticed an elephant
  9792 | Lair:1   | Noticed an elephant
  9792 | Lair:1   | Killed an elephant
  9843 | Lair:1   | Killed an elephant
  9863 | Lair:1   | Killed an elephant
  9880 | Lair:1   | Noticed an elephant
  9915 | Lair:1   | Killed an elephant
  9916 | Lair:1   | Noticed an elephant
  9953 | Lair:1   | Killed an elephant
  9960 | Lair:1   | Noticed an elephant
  9998 | Lair:1   | Killed an elephant
 10012 | Lair:1   | Noticed an elephant
 10015 | Lair:1   | Noticed an elephant
 10081 | Lair:2   | Killed an elephant
 10107 | Lair:2   | Acquired Makhleb's fifth power
 10182 | Lair:3   | Reached skill level 5 in Dodging
 10239 | Lair:3   | Got a crystal hand crossbow
 11176 | Lair:3   | Found a shimmering altar of Xom.
 11292 | Lair:3   | HP: 2/104 [acid (19)]
 11795 | Lair:4   | Found a staircase to the Snake Pit.
 11848 | Lair:4   | Upgraded the game from 0.15-b1-102-g52a9edc to 0.15-b1-109-g30c8d52
 12029 | Lair:4   | Found a staircase to the Swamp.
 12060 | Lair:4   | Reached XP level 12. HP: 112/112 MP: 14/14
 12189 | Lair:4   | Reached skill level 10 in Shields
 12189 | Lair:4   | Reached skill level 10 in Evocations
 13257 | Lair:4   | Noticed an eight-headed hydra
 13275 | Lair:4   | Killed an eight-headed hydra
 13416 | Lair:5   | Reached skill level 1 in Invocations
 13501 | Lair:5   | Got a smoking tin amulet
 13503 | Lair:5   | Identified the amulet of the Three Nights {Clar Dex+3 Int+2} (You found it on level 5 of the Lair of Beasts)
 13777 | Lair:5   | Noticed an anaconda
 13814 | Lair:5   | Killed an anaconda
 14253 | Lair:5   | Found an ancient bone altar of Kikubaaqudgha.
 14931 | Lair:2   | Reached skill level 10 in Armour
 14937 | Lair:2   | Reached skill level 11 in Evocations
 16157 | Lair:6   | Reached XP level 13. HP: 121/121 MP: 14/14
 17725 | Lair:1   | Killed an elephant
 17765 | Lair:1   | Killed an elephant
 17765 | Lair:1   | Reached skill level 10 in Fighting
 17805 | Lair:1   | Noticed an elephant
 17838 | Lair:1   | Killed an elephant
 17949 | D:10     | Killed Grum
 18050 | D:10     | Killed Gastronok
 18350 | D:10     | Killed Nergalle
 19484 | D:7      | Bought a scroll of identify for 28 gold pieces
 19484 | D:7      | Bought a scroll of enchant weapon for 105 gold pieces
 19484 | D:7      | Bought a scroll of identify for 28 gold pieces
 19484 | D:7      | Bought a scroll of brand weapon for 280 gold pieces
 19484 | D:7      | Bought a scroll of identify for 28 gold pieces
 20327 | D:11     | Found a staircase to the Orcish Mines.
 20347 | Orc:1    | Entered Level 1 of the Orcish Mines
 20451 | Orc:1    | Found an iron altar of Okawaru.
 20467 | Orc:1    | Reached skill level 12 in Evocations
 20597 | Orc:1    | Found Schumm's Book Boutique.
 20888 | Orc:1    | Found a dark tunnel.
 20893 | Volcano  | Entered a volcano
 21162 | Volcano  | Found a burning altar of Makhleb.
 21996 | Orc:2    | Noticed Erica
 22492 | Orc:3    | Found a burning altar of Makhleb.
 22503 | Orc:3    | Found Mnaogh's Antique Weapon Boutique.
 22530 | Orc:3    | Found Bitausch's Assorted Antiques.
 22538 | Orc:3    | Bought a potion of restore abilities for 66 gold pieces
 22585 | Orc:3    | Cast into the Abyss (orc)
 22585 | Abyss:1  | Found an ancient bone altar of Kikubaaqudgha.
 22631 | Abyss:1  | Found a corrupted altar of Lugonu.
 22640 | Abyss:1  | Gained mutation: You possess an exceptional clarity of mind. [a neqoxec]
 22686 | Abyss:1  | Noticed a starcursed mass
 22692 | Abyss:1  | Found a corrupted altar of Lugonu.
 22693 | Abyss:1  | Found an ancient bone altar of Kikubaaqudgha.
 22773 | Orc:3    | Escaped the Abyss
 22822 | Orc:3    | Found Naulu's Antique Weapon Shop.
 22830 | Orc:3    | Upgraded the game from 0.15-b1-109-g30c8d52 to 0.15.0-8-gb109cf8
 22976 | Orc:3    | Bought a scroll of identify for 44 gold pieces
 22976 | Orc:3    | Bought a gold wand for 88 gold pieces
 22976 | Orc:3    | Bought a scroll of identify for 44 gold pieces
 22986 | Orc:3    | Found Bramp's Magic Scroll Shop.
 22995 | Orc:3    | Bought a scroll of fog for 28 gold pieces
 22995 | Orc:3    | Bought a scroll of vulnerability for 105 gold pieces
 22995 | Orc:3    | Bought a scroll of summoning for 133 gold pieces
 23121 | Orc:4    | Entered Level 4 of the Orcish Mines
 23210 | Orc:4    | Found a staircase to the Elven Halls.
 23363 | Orc:4    | Noticed Johnny's ghost (powerful HuBe)
 23434 | Orc:4    | Killed Johnny's ghost
 23838 | D:11     | HP: 4/123 [deep elf mage/flame tongue (9)]
 23839 | D:11     | Incinerated by a deep elf mage

Action                   |  1- 3 |  4- 6 |  7- 9 | 10-12 | 13-15 || total
-------------------------+-------+-------+-------+-------+-------++-------
Melee: War axe           |   113 |   239 |   305 |       |       ||   657
       Hand axe          |       |    58 |       |       |       ||    58
       Short sword       |       |       |   494 |  2905 |  1874 ||  5273
Invok: Minor Destruction |       |       |       |     2 |       ||     2
       Lesser Servant of |       |       |       |     1 |       ||     1
       Greater Servant o |       |       |       |     1 |     3 ||     4
 Abil: Device Recharging |       |     1 |     1 |    11 |    14 ||    27
Evoke: Wand              |     1 |     5 |    14 |    63 |    67 ||   150
  Use: Potion            |     1 |     1 |     7 |    14 |     9 ||    32
       Scroll            |       |     7 |     6 |     5 |    11 ||    29
 Stab: Distracted        |       |       |       |       |     1 ||     1
  Eat: Chunk             |       |     2 |     3 |    12 |    10 ||    27
       Bread ration      |       |     1 |     2 |     4 |     2 ||     9
       Pizza             |       |       |     1 |     2 |       ||     3
       Beef jerky        |       |       |     1 |     1 |     1 ||     3
       Meat ration       |       |       |     1 |       |       ||     1
       Fruit             |       |       |       |     2 |     6 ||     8
